 Dungeon Crawl Stone Soup version 0.26-a0-52-gd53d4cd058 (webtiles) character file.

Game seed: 15849433307000041373

19524 Hasart the Frost Mage (level 12, 0/74 HPs)
             Began as a Demonspawn Ice Elementalist on June 6, 2020.
             Was a High Priest of Sif Muna.
             Hit by a boomerang thrown by an orc warrior (8 damage)
             ... on level 9 of the Dungeon.
             The game lasted 00:37:36 (15889 turns).

Hasart the Frost Mage (DsIE)                       Turns: 15889, Time: 00:37:37

Health: 0/74       AC:  8    Str: 11    XL:     12   Next: 37%
Magic:  19/24      EV: 13    Int: 26    God:    Sif Muna [*****.]
Gold:   619        SH: 10    Dex: 13    Spells: 13/28 levels left

rFire    + . .     SeeInvis +   E - +4 scimitar
rCold    . . .     Gourm    .   t - +0 buckler
rNeg     . . .     Faith    .   A - +0 robe {MR+}
rPois    .         Spirit   .   L - +2 helmet {SInv}
rElec    .         Reflect  +   p - +0 cloak
rCorr    .         Harm     .   (no gloves)
MR       +....                  (boots unavailable)
Stlth    +.........             B - amulet of reflection
HPRegen  0.22/turn              v - ring of see invisible
MPRegen  0.19/turn              F - +6 ring of intelligence

@: drained
A: hooves 3, icy blue scales 1, fire resistance 1
a: Channel Magic, Forget Spell, Divine Exegesis, Renounce Religion


You were on level 9 of the Dungeon.
You worshipped Sif Muna.
Sif Muna was extremely pleased with you.
You were not hungry.

You visited 2 branches of the dungeon, and saw 13 of its levels.

You collected 619 gold pieces.

Inventory:

Hand Weapons
 y - a +2 trident of flaming
 E - a +4 scimitar (weapon)
Armour
 p - a +0 cloak (worn)
 t - a +0 buckler (worn)
 A - a +0 robe of magic resistance (worn)
 H - a +2 troll leather armour {Snorg}
 L - a +2 helmet of see invisible (worn)
 R - a +2 robe of resistance
Jewellery
 f - an uncursed amulet of regeneration
 v - a ring of see invisible (left hand)
 B - an amulet of reflection (around neck)
 F - a +6 ring of intelligence (right hand)
Wands
 x - a wand of clouds (5)
 J - a wand of polymorph (5)
 M - a wand of paralysis (3)
 N - a wand of flame (9)
Scrolls
 d - 5 scrolls of remove curse
 e - 22 scrolls of identify
 g - 3 scrolls of fear {unknown}
 h - 3 scrolls of immolation {unknown}
 k - 4 scrolls of teleportation {unknown}
 m - 3 scrolls of blinking {unknown}
 n - 4 scrolls of enchant armour {unknown}
 u - a scroll of fog {unknown}
 w - 2 scrolls of enchant weapon {unknown}
 z - 3 scrolls of magic mapping {unknown}
 I - 2 scrolls of holy word {unknown}
 O - a scroll of vulnerability {unknown}
 Q - a scroll of amnesia {unknown}
Potions
 a - a potion of berserk rage {unknown}
 b - 3 potions of cancellation {unknown}
 i - 2 potions of mutation {unknown}
 j - 4 potions of stabbing {unknown}
 l - 2 potions of brilliance {unknown}
 o - 2 potions of might {unknown}
 q - a potion of ambrosia {unknown}
 r - 2 potions of degeneration {unknown}
 s - 5 potions of lignification {unknown}
 C - 4 potions of curing
 D - a potion of flight {unknown}
 G - a potion of magic {unknown}
 K - a potion of heal wounds {unknown}
Comestibles
 c - 18 rations


   Skills:
 - Level 3.1(2.5) Dodging
 - Level 1.7(1.1) Stealth
 - Level 5.0(4.3) Shields
 + Level 8.6(7.9) Spellcasting
 + Level 6.4(5.7) Conjurations
 - Level 6.0(5.3) Summonings
 * Level 12.3(11.5) Ice Magic
 + Level 9.9(9.1) Invocations


You had 13 spell levels left.
You knew the following spells:

 Your Spells              Type           Power        Failure   Level  Hunger
a - Freeze                Ice            ####         1%          1    None
b - Frozen Ramparts       Ice            ######       1%          3    None
c - Summon Ice Beast      Ice/Summ       ######..     1%          4    ##.....
e - Magic Dart            Conj           ####         1%          1    None
q - Blink                 Tloc           N/A          9%          2    None
s - Searing Ray           Conj           #####.       1%          2    None
w - Swiftness             Chrm/Air       ##......     9%          2    None

Your spell library contained the following spells:

 Spells                   Type           Power        Failure   Level  Hunger
 Shock                    Conj/Air       ####         1%          1    None
 Call Imp                 Summ           #####...     1%          2    None
 Ozocubu's Armour         Chrm/Ice       #####...     1%          3    None
 Hailstorm                Conj/Ice       ######..     1%          4    ##.....
 Conjure Flame            Conj/Fire      ####....     5%          3    None
 Dazzling Flash           Conj/Hex       ####..       5%          3    None
 Static Discharge         Conj/Air       ####....     5%          3    None
 Mephitic Cloud           Conj/Pois/Air  ###.....     8%          3    None
 Slow                     Hex            ##......     9%          2    None
 Metabolic Englaciation   Hex/Ice        #####.....   16%         5    ####...
 Confusing Touch          Hex            ##......     17%         3    None
 Gell's Gravitas          Tloc           ##........   17%         3    None
 Fulminant Prism          Conj/Hex       ####......   17%         4    ##.....
 Iskenderun's Mystic Bla  Conj/Tloc      ####....     17%         4    ##.....
 Lightning Bolt           Conj/Air       ####......   43%         5    ####...
 Airstrike                Air            ##........   50%         4    ##.....
 Petrify                  Tmut/Erth      ##......     50%         4    ##.....
 Yara's Violent Unravell  Hex/Tmut       ##........   85%         5    ####...
 Monstrous Menagerie      Summ           #####.....   99%         7    #######
 Spellforged Servitor     Conj/Summ      #####.....   99%         7    #######
 Discord                  Hex            ##........   100%        8    #######
 Dragon's Call            Summ           #####.....   100%        9    #######


Dungeon Overview and Level Annotations

Branches:
Dungeon (12/15)            Temple (0/1) D:5            Lair (0/6) D:9
    Orc (1/2) D:9

Altars:
Elyvilon
Fedhas
Gozag
Kikubaaqudgha
Okawaru
Qazlal
Sif Muna
Wu Jian
Yredelemnul
The Shining One
Beogh

Shops:
D:6 :   D:8 }   D:12 }

Annotations:
D:7 3 runed translucent doors, airwow's ghost, novice DEAE
D:10 Fannar


Innate Abilities, Weirdness & Mutations

You have hooves in place of feet.
You are partially covered in icy blue scales. (AC +2)
Your flesh is heat resistant. (rF+)


Message History

The wall freezes the orc warrior!
The orc warrior hits you with a +0 flail!
* * * LOW HITPOINT WARNING * * *
The frozen ramparts melt away.
You climb upwards.
Welcome back to the Dungeon!
There is a staircase to the Orcish Mines here.
Unknown command.
Unknown command.
Unknown command.
Unknown command.
Unknown command.
Unknown command.
Unknown command.
Unknown command.
Things that are here:
a +0 robe; a +0 dagger The orc warrior throws a boomerang.
The boomerang hits you but does no damage.
The weapon returns to the orc warrior!
The orc warrior throws a boomerang.
The boomerang hits you!
You die...

#.# #.)['........##.... #.#
#.###........##.### #)#
#.#<#.....#'###.# #######)#
#)#)#####.#.# #.###
#.......###[#))...#.#.# #.#.^
#...........[[....#.#.# #.#..
#.##8'8#####8)8##.#.#.###.#..
#.#......8......#.#.#...#....
#.#.........@...#.#.###.###..
#)#...⌠.._..⌠...#.#.# #.#.'..
#.#.......[.....#...###.#.#..
#.#.....o>......#.......#.#..
#.#######################.#..
#........##...............###
#........##..................
#........##.....#############
#........##.....# #########


You could see an orc warrior.

Vanquished Creatures
  Snorg (D:11)
  Erolcha (D:11)
  A hydra (D:11)
  3 two-headed ogres
  Pikel (D:6)
  An ugly thing (D:10)
  3 slime creatures (D:12)
  A manticore (D:12)
  Psyche (D:10)
  A hornet (D:9)
  5 hippogriffs
  A meliai zombie (D:12)
  A spriggan (D:7)
  Eustachio (D:6)
  A vampire (D:12)
  7 yaks
  A wraith (D:12)
  A human (D:10)
  2 wyverns
  3 vampire mosquitoes (D:12)
  2 steam dragons (D:10)
  A porcupine (D:9)
  3 black bears
  3 sky beasts
  A hornet zombie (D:11)
  3 slaves (D:6)
  12 orc warriors
  2 ice beasts (D:6)
  A phantom (D:10)
  7 ogres
  A necrophage (D:11)
  10 centaurs
  4 big kobolds
  10 bullfrogs
  A scorpion (D:6)
  A water moccasin skeleton (D:8)
  10 killer bees
  A howler monkey (D:10)
  4 wights (D:8)
  5 jellies
  2 bullfrog zombies
  8 crimson imps
  A quasit (D:11)
  5 orc priests
  2 centaur zombies
  3 bullfrog skeletons
  A human zombie (D:10)
  10 hounds
  4 centaur skeletons
  Jessica (D:2)
  15 orc wizards
  5 iguanas
  13 worker ants
  A hound zombie (D:5)
  A worker ant zombie (D:10)
  Robin (D:2)
  3 gnolls (D:4)
  17 adders
  A shadow imp (D:9)
  8 oozes
  2 adder skeletons
  4 worms
  4 dart slugs
  5 leopard geckos
  72 orcs
  6 bats
  3 giant cockroaches
  16 goblins
  3 hobgoblins (D:2)
  12 jackals
  A quokka (D:2)
  3 ball pythons
  2 frilled lizards
  A goblin zombie (D:10)
  28 kobolds
  A leopard gecko skeleton (D:4)
  2 quokka skeletons
  A quokka zombie (D:6)
  7 rats
394 creatures vanquished.

Vanquished Creatures (collateral kills)
  A hydra (D:6)
  A hungry ghost (D:7)
  An eye of draining (D:8)
  A wight (D:7)
  A crimson imp (D:12)
5 creatures vanquished.

Vanquished Creatures (others)
  A hungry ghost (D:10)
  2 orcs
  3 fungi
  2 plants (D:9)
  6 toadstools (D:4)
14 creatures vanquished.

Grand Total: 413 creatures vanquished

Notes
Turn   | Place    | Note
-------+----------+-------------------------------------------
     0 | D:1      | Hasart the Demonspawn Ice Elementalist began the quest for
                  | the Orb.
     0 | D:1      | Reached XP level 1. HP: 13/13 MP: 3/3
   499 | D:1      | Gained mutation: You have large cloven feet. [demonic
                  | ancestry]
   499 | D:1      | Reached XP level 2. HP: 19/19 MP: 0/5
  1254 | D:2      | Reached skill level 4 in Ice Magic
  1626 | D:2      | Reached XP level 3. HP: 12/24 MP: 0/6
  1800 | D:2      | Learned a level 3 spell: Frozen Ramparts
  2037 | D:2      | Noticed Jessica
  2053 | D:2      | Killed Jessica
  2053 | D:2      | Reached XP level 4. HP: 24/30 MP: 0/7
  2133 | D:2      | Noticed Robin
  2225 | D:2      | Killed Robin
  2574 | D:2      | Found a faded altar of an unknown god.
  2823 | D:2      | Reached XP level 5. HP: 16/35 MP: 3/9
  3269 | D:3      | Reached skill level 5 in Ice Magic
  3664 | D:3      | Found an iron altar of Okawaru.
  4015 | D:3      | Found a basalt altar of Yredelemnul.
  4262 | D:4      | Gained mutation: Your flesh is heat resistant. (rF+)
                  | [demonic ancestry]
  4262 | D:4      | Reached XP level 6. HP: 24/41 MP: 6/10
  4312 | D:4      | Found a glowing golden altar of the Shining One.
  4331 | D:4      | Found a shimmering blue altar of Sif Muna.
  4331 | D:4      | Found a white marble altar of Elyvilon.
  4332 | D:4      | Found an opulent altar of Gozag.
  4333 | D:4      | Found a stormy altar of Qazlal.
  4339 | D:4      | Became a worshipper of Sif Muna the Loreminder
  4463 | D:4      | Reached skill level 1 in Shields
  4588 | D:4      | Found a blossoming altar of Fedhas.
  4823 | D:4      | Reached skill level 6 in Ice Magic
  4824 | D:4      | Gained mutation: You have hoof-like feet. [demonic
                  | ancestry]
  4824 | D:4      | Reached XP level 7. HP: 46/46 MP: 5/12
  4854 | D:4      | Reached * piety under Sif Muna
  5025 | D:5      | Entered Level 5 of the Dungeon
  5150 | D:5      | Learned a level 4 spell: Summon Ice Beast
  5174 | D:5      | Found a staircase to the Ecumenical Temple.
  5440 | D:5      | Reached skill level 1 in Invocations
  5472 | D:5      | Reached skill level 1 in Summonings
  5819 | D:5      | Reached XP level 8. HP: 52/52 MP: 11/14
  6063 | D:6      | Reached ** piety under Sif Muna
  6063 | D:6      | Reached skill level 7 in Ice Magic
  6495 | D:6      | Found Keeth's Book Shoppe.
  6664 | D:6      | Noticed Eustachio
  6691 | D:6      | Killed Eustachio
  6691 | D:6      | Reached skill level 5 in Spellcasting
  6908 | D:6      | Noticed Pikel
  6918 | D:6      | Killed Pikel
  6918 | D:6      | Reached skill level 8 in Ice Magic
  6918 | D:6      | Gained mutation: You are partially covered in icy blue
                  | scales. (AC +2) [demonic ancestry]
  6918 | D:6      | Reached XP level 9. HP: 52/57 MP: 5/16
  7054 | D:6      | Noticed a four-headed hydra
  7158 | D:6      | Killed a four-headed hydra
  7158 | D:6      | Reached skill level 5 in Invocations
  7388 | D:6      | Found an ornate altar of the Wu Jian Council.
  8150 | D:7      | Reached skill level 9 in Ice Magic
  8514 | D:7      | Found a runed translucent gate.
  8543 | D:7      | Found a runed translucent gate.
  8544 | D:7      | Found a runed translucent gate.
  8545 | D:7      | Noticed airwow's ghost (novice DEAE)
  8567 | D:7      | Reached XP level 10. HP: 57/63 MP: 14/19
  8918 | D:8      | Reached *** piety under Sif Muna
  9015 | D:8      | Learned a level 1 spell: Magic Dart
  9056 | D:8      | Noticed a two-headed ogre
  9079 | D:8      | Killed a two-headed ogre
  9079 | D:8      | Reached skill level 5 in Shields
  9081 | D:8      | Reached skill level 1 in Conjurations
  9506 | D:8      | Found Obbe Ahesm's Gadget Emporium.
  9570 | D:8      | Learned a level 2 spell: Searing Ray
  9766 | D:8      | Reached skill level 5 in Summonings
 10139 | D:9      | Found a roughly hewn altar of Beogh.
 10139 | D:9      | Found a staircase to the Orcish Mines.
 10142 | D:9      | Reached **** piety under Sif Muna
 10388 | D:9      | Noticed a two-headed ogre
 10398 | D:9      | Killed a two-headed ogre
 10398 | D:9      | Reached skill level 10 in Ice Magic
 10691 | D:9      | Noticed a two-headed ogre
 10703 | D:9      | Killed a two-headed ogre
 10817 | D:9      | Found an ancient bone altar of Kikubaaqudgha.
 10976 | D:9      | Gained mutation: You have hooves in place of feet. [demonic
                  | ancestry]
 10976 | D:9      | Reached XP level 11. HP: 63/68 MP: 10/21
 11113 | D:9      | Got a heavily runed glass ring
 11114 | D:9      | Identified the ring "Muttuck" {*Tele rF+ rC+++ Str-3 Dex+3}
                  | (You found it on level 9 of the Dungeon)
 11138 | D:9      | Found a staircase to the Lair.
 11468 | D:9      | Learned a level 2 spell: Blink
 11471 | D:9      | Learned a level 2 spell: Swiftness
 11480 | D:10     | Entered Level 10 of the Dungeon
 11621 | D:10     | Noticed a green ugly thing
 11631 | D:10     | Killed a green ugly thing
 12026 | D:10     | Noticed Psyche
 12039 | D:10     | Killed Psyche
 12239 | D:10     | Found a runed translucent door.
 12246 | D:10     | Found a basalt altar of Yredelemnul.
 12502 | D:10     | Reached skill level 11 in Ice Magic
 12601 | D:10     | Noticed Fannar
 12613 | D:10     | Reached ***** piety under Sif Muna
 13061 | D:11     | Noticed Erolcha
 13080 | D:11     | Killed Erolcha
 13210 | D:11     | Identified Sif Muna's Guide on Supportive Execration (Sif
                  | Muna gifted it to you on level 11 of the Dungeon)
 13210 | D:11     | Received a gift from Sif Muna
 13541 | D:11     | Reached skill level 5 in Conjurations
 13774 | D:11     | Noticed a four-headed hydra
 13819 | D:11     | Killed a four-headed hydra
 13912 | D:11     | Noticed Snorg
 13923 | D:11     | Killed Snorg
 14346 | D:12     | Reached XP level 12. HP: 74/74 MP: 11/24
 14565 | D:12     | Reached skill level 12 in Ice Magic
 14908 | D:12     | Found Zyschyte's Gadget Emporium.
 15601 | Orc:1    | Entered Level 1 of the Orcish Mines
 15608 | Orc:1    | Identified Sif Muna's Handbook of Destructive Dark Rituals
                  | (Sif Muna gifted it to you on level 1 of the Orcish Mines)
 15608 | Orc:1    | Received a gift from Sif Muna
 15889 | D:9      | Hit by a boomerang thrown by an orc warrior

Illustrated notes

Levels and vault maps discovered:
D:1:      eino_arrival_tree_alley, layout_loops_corners
D:2:      layout_basic, chequers_ecumenical_altar_simple_redux,
          serial_bayou_pond_c, uniq_jessica, uniq_robin
D:3:      layout_basic, okawaru_ov_weapons_minmay, lemuel_round_altar,
          first_ration
D:4:      cheibrodos_fertilizer, layout_rooms, minitemple, kennysheep_mini,
          serial_glass, glass_columns_b, glass_columns_b
D:5:      layout_loops_ring, minmay_temple_entry_mist
D:6:      minmay_chambers_of_sixes, layout_loops_cross, lemuel_round_altar,
          serial_shops, nicolae_shop_temple_entry_statues_fountains,
          uniq_eustachio, uniq_pikel
D:7:      layout_gridville, ebering_ghost_rock_garden, the_bakery
D:8:      layout_rooms, serial_shops, kennysheep_mini_moat
D:9:      layout_basic, old_standard_altar, grunt_lair_entry_orc_guard_hut,
          david_orc_5
D:10:     layout_roguey, dk_yredelemnul_ordeal, uniq_psyche, uniq_fannar
D:11:     layout_rooms, uniq_erolcha, uniq_snorg
D:12:     layout_loops_ring, serial_shops, kennysheep_little_box
Orc:1:    layout_caves, gammafunk_ghost_fury_of_okawaru, basic_altar,
          serial_shops, shop

Skill      XL: |  1  2  3  4  5  6  7  8  9 10 11 12 |
---------------+-------------------------------------+-----
Dodging        | 2 3 |  3.1
Ice Magic      | 4 5 6 8 9 10 11 12 | 12.3
Spellcasting   | 3 4 5 6 7 8 |  8.6
Shields        | 1 2 4 5 |  5.0
Invocations    | 1 4 6 7 9 |  9.9
Summonings     | 1 3 4 6 |  6.0
Conjurations   | 3 5 6 |  6.4
Stealth        | |  1.7

Action                   |  1- 3 |  4- 6 |  7- 9 | 10-12 || total
-------------------------+-------+-------+-------+-------++-------
Melee: Dagger            |    28 |    28 |       |       ||    56
       Kick              |     5 |    12 |    19 |    50 ||    86
       Trident           |       |    12 |   102 |    34 ||   148
       Scimitar          |       |       |       |   155 ||   155
 Cast: Freeze            |    56 |    87 |    76 |    60 ||   279
       Frozen Ramparts   |     1 |     9 |    27 |    60 ||    97
       Summon Ice Beast  |       |       |     3 |    11 ||    14
       Searing Ray       |       |       |       |    60 ||    60
       Magic Dart        |       |       |       |     9 ||     9
Evoke: Wand              |       |       |       |     1 ||     1
  Use: Scroll            |       |       |     2 |     2 ||     4
       Potion            |       |       |       |     2 ||     2
 Stab: Distracted        |       |       |     1 |       ||     1
       Sleeping          |       |       |     2 |       ||     2
  Eat: Chunk             |     4 |     9 |     9 |    17 ||    39
       Ration            |       |       |     2 |     2 ||     4
Armor: Robe              |     3 |     3 |    26 |    50 ||    82
       Leather armour    |    28 |    32 |       |       ||    60
       Troll leather arm |       |       |       |    45 ||    45
Dodge: Dodged            |    66 |    99 |    81 |   186 ||   432
Block: Buckler           |       |       |    46 |   218 ||   264
       Reflection        |       |       |       |    14 ||    14
       Rpst.: Scimitar   |       |       |       |    39 ||    39

Table legend:
 A = Non-vault XP
 B = Vault XP
 C = Vault XP percentage of total XP
 D = Non-vault monster count
 E = Vault monster count
 F = Vault count percentage of total count
                 A         B        C        D         E       F
            +---------+---------+-------+---------+---------+-------
      Total |   21892 |    6000 |  21.5 |     328 |      70 |  17.6
            +---------+---------+-------+---------+---------+-------
        D:1 |      23 |       0 |   0.0 |      13 |       0 |   0.0
        D:2 |     100 |      74 |  42.5 |      29 |      13 |  31.0
        D:3 |     154 |       0 |   0.0 |      19 |       0 |   0.0
        D:4 |     208 |     197 |  48.6 |      20 |      18 |  47.4
        D:5 |     714 |       0 |   0.0 |      23 |       0 |   0.0
        D:6 |     936 |    1764 |  65.3 |      19 |       6 |  24.0
        D:7 |    1295 |     215 |  14.2 |      25 |       1 |   3.8
        D:8 |    1602 |     142 |   8.1 |      25 |       1 |   3.8
        D:9 |    3591 |    1061 |  22.8 |      29 |      25 |  46.3
       D:10 |    2907 |     591 |  16.9 |      32 |       4 |  11.1
       D:11 |    3939 |    1956 |  33.2 |      43 |       2 |   4.4
       D:12 |    6232 |       0 |   0.0 |      39 |       0 |   0.0
      Orc:1 |     191 |       0 |   0.0 |      12 |       0 |   0.0
            +---------+---------+-------+---------+---------+-------
